 Dungeon Crawl Stone Soup version 0.29.1-13-g9f3cf754e1 (webtiles) character file.

Game seed: 7956228560609746277

34084 Peloso the Fencer (level 13, -11/119 HPs)
             Began as a Minotaur Fighter on Jan 22, 2023.
             Was the Champion of Okawaru.
             Mangled by an orc warlord
             ... wielding a +0 great mace
              (20 damage)
             ... on level 1 of the Orcish Mines.
             The game lasted 00:41:26 (19380 turns).

Peloso the Fencer (Minotaur Fighter)               Turns: 19380, Time: 00:41:26

Health: -11/119    AC: 30    Str: 22    XL:     13   Next: 40%
Magic:  14/14      EV: 10    Int:  5    God:    Okawaru [******]
Gold:   1408       SH:  0    Dex: 14    Spells: 12/12 levels left

rFire   . . .      SeeInvis .   b - +3 great sword (flame)
rCold   . . .      Faith    .   (shield currently unavailable)
rNeg    . . .      Spirit   .   p - +18 Lear's hauberk
rPois   .          Reflect  .   (helmet currently unavailable)
rElec   .          Harm     .   (no cloak)
rCorr   .          Rampage  .   (gloves currently unavailable)
Will    .....                   (boots currently unavailable)
Stlth   ..........              J - amulet of regeneration
HPRegen 1.09/turn               (no ring)
MPRegen 0.14/turn               (no ring)

@: no status effects
A: horns 2, retaliatory headbutt
a: Renounce Religion, Heroism, Finesse, Duel


You were on level 1 of the Orcish Mines.
You worshipped Okawaru.
Okawaru was exalted by your worship.
You visited 3 branches of the dungeon, and saw 16 of its levels.

You collected 1408 gold pieces.

Inventory:

Hand Weapons
 a - a +2 scimitar of protection
 b - a +3 great sword of flaming (weapon)
 c - the +7 falchion of Resourcefulness {pain, rF+ Str+7 Dex-2}
   (Okawaru gifted it to you on level 1 of the Lair of Beasts)

   In the hands of one skilled in necromantic magic, it inflicts extra damage on
   living creatures.
   Str:       It affects your strength (+7).
   Dex:       It affects your dexterity (-2).
   rF:        It protects you from fire.
Missiles
 H - 3 throwing nets (quivered)
Armour
 d - a +0 kite shield
 p - the +18 Lear's hauberk (worn)
   (You found it on level 11 of the Dungeon)
 v - a +2 hat
 I - +0 swamp dragon scales
 R - the +13 crystal plate armour of Xiuteumm {Str+2}
   (Okawaru gifted it to you on level 1 of the Orcish Mines)

   Str:       It affects your strength (+2).
Jewellery
 i - an amulet of guardian spirit
 l - a ring of fire
 y - a ring of see invisible
 D - a +4 ring of evasion
 J - an amulet of regeneration (around neck)
 N - an amulet of the acrobat
 O - a ring of wizardry
Wands
 k - a wand of light (7)
 o - a wand of flame (32)
 u - a wand of mindburst (35)
 A - a wand of roots (16)
Scrolls
 j - 6 scrolls of magic mapping
 q - 2 scrolls of immolation
 r - a scroll of fear
 s - 3 scrolls of fog
 t - 4 scrolls of enchant weapon
 x - 3 scrolls of brand weapon
 z - a scroll of teleportation
 B - 3 scrolls of amnesia
 C - 2 scrolls of poison
 E - 2 scrolls of enchant armour
 F - 2 scrolls of noise
 M - a scroll of silence
 P - a scroll of identify
Potions
 e - 2 potions of flight
 f - 5 potions of mutation
 g - 2 potions of cancellation {unknown}
 h - 3 potions of might
 m - 3 potions of brilliance
 n - 2 potions of invisibility
 w - 2 potions of haste
 G - 3 potions of magic {unknown}
 K - 3 potions of curing
 L - 2 potions of berserk rage
Miscellaneous
 Q - a box of beasts


   Skills:
 + Level 12.7 Fighting
 + Level 16.6 Long Blades
 + Level 0.1 Throwing
 + Level 12.9 Armour
 + Level 4.8 Dodging
 + Level 1.6 Stealth
 + Level 12.1 Shields
 + Level 3.5 Invocations


You had 12 spell levels left.
You didn't know any spells.
Your spell library contained the following spells:

 Spells                   Type           Power      Damage    Failure   Level
 Necrotise                Necr           0%         1d4       95%         1
 Blink                    Tloc           0%         N/A       99%         2
 Ensorcelled Hibernation  Hex/Ice        0%         N/A       99%         2
 Dazzling Flash           Conj/Hex       0%         N/A       100%        3
 Ignite Poison            Fire/Tmut/Pois 0%         N/A       100%        3
 Lesser Beckoning         Tloc           0%         N/A       100%        3
 Mephitic Cloud           Conj/Pois/Air  0%         N/A       100%        3
 Ozocubu's Armour         Ice            0%         N/A       100%        3
 Spider Form              Tmut/Pois      0%         N/A       100%        3
 Vampiric Draining        Necr           0%         2d6       100%        3
 Anguish                  Hex/Necr       0%         N/A       100%        4
 Leda's Liquefaction      Hex/Erth       0%         N/A       100%        4
 Agony                    Necr           0%         N/A       100%        5
 Freezing Cloud           Conj/Ice/Air   0%         6-21      100%        5
 Lee's Rapid Deconstruct  Erth           0%         3d5*      100%        5
 Manifold Assault         Tloc           0%         N/A       100%        5
 Metabolic Englaciation   Hex/Ice        0%         N/A       100%        5
 Silence                  Hex/Air        0%         N/A       100%        5
 Statue Form              Tmut/Erth      0%         N/A       100%        6
 Simulacrum               Ice/Necr       Unusable   N/A       N/A         6

Dungeon Overview and Level Annotations

Branches:
Dungeon (12/15)            Temple (0/1) D:7            Lair (3/5) D:8
 Shoals (0/4) Lair:3       Spider (0/4) Lair:3          Orc (1/2) D:10

Altars:
Ashenzari
Dithmenos
Hepliaklqana
Okawaru
Qazlal
Ru
Trog
Uskayaw
Wu Jian
Yredelemnul
Zin
The Shining One

Shops:
D:1 (

Annotations:
D:2 1 runed translucent door, Crazy Yiuf


Innate Abilities, Weirdness & Mutations

You have a pair of horns on your head.
You reflexively headbutt those who attack you in melee.


Message History

The orc priest moves out of view.
Things that are here:
a +0 dagger; a +0 leather armour; an orc corpse You slash the orc warlord!
You burn the orc warlord. Your headbutt misses the orc warlord.
The orc warlord is lightly wounded.
The orc priest invokes the aid of Beogh against you.
Beogh smites you!
The orc warrior hits you but does no damage.
The orc warlord hits you with a +0 great mace!!
You slice the orc warlord!! You burn the orc warlord!
The orc warlord is heavily wounded.
The orc warrior hits you with a +0 war axe.
The orc warlord hits you with a +0 great mace!!
Unknown command.
You barely miss the orc warlord.
The orc warlord is heavily wounded.
The orc priest closely misses you. You furiously retaliate!
You headbutt the orc priest.
The orc warrior hits you with a +0 war axe!!
* * * LOW HITPOINT WARNING * * *
The orc warlord closely misses you.
You slash the orc warlord! You burn the orc warlord.
The orc warlord is heavily wounded.
The orc priest hits you but does no damage.
The orc warrior barely misses you. The orc hits you but does no damage.
The orc warlord hits you with a +0 great mace!
* * * LOW HITPOINT WARNING * * *
Unknown command.
As you read the scroll of fear, it crumbles to dust.
You assume a fearsome visage.
The orc warlord resists with almost no effort.
The orc warrior looks frightened!
The orc looks frightened!
The orc warrior looks frightened!
The orc priest looks frightened!
The ogre looks frightened!
The orc looks frightened! x2
The orc priest resists with some effort.
The orc looks frightened!
The orc priest closely misses you. You furiously retaliate!
You headbutt the orc priest.
The orc warlord hits you with a +0 great mace!!
You die...

#.... #. ..... ###...
....# #...... .oo#
#.....####o.###
#....#.#o.Oo.#.
#######....#..oo.....
##.#...##.....@o#
##...)<..##..))o##
#........##>.)###...
##..........#.........
#....##........$....##
.....###.....#.#....#
.....^#......###....#
###.......#### #.....
.##....^..# ##...


You could see an orc warlord, 2 orc warriors, an ogre (fleeing), 2 orc priests
and 4 orcs.

Vanquished Creatures
  Snorg (D:10)
  Harold (D:10)
  Erolcha (D:9)
  3 hydras
  A centaur warrior (D:12)
  3 two-headed ogres
  4 death yaks (Lair:2)
  A tengu warrior (D:11)
  Amaemon (Lair:1)
  Pikel (D:6)
  An orc sorcerer (Orc:1)
  3 ugly things (D:12)
  3 cyclopes
  7 black mambas
  3 elephants (Lair:1)
  A gargoyle (D:12)
  A torpor snail (Lair:2)
  8 cane toads
  2 unseen horrors (D:12)
  An orange demon (Lair:1)
  2 demonic crawlers (D:12)
  2 komodo dragons
  3 trolls
  A hornet (D:10)
  A polar bear (Lair:2)
  9 slime creatures (D:12)
  4 jumping spiders (Lair:3)
  3 culicivoras (Lair:3)
  A wraith (D:12)
  A basilisk (Lair:2)
  A wyvern (Lair:3)
  9 yaks
  Eustachio (D:6)
  2 fire bats (D:12)
  2 redbacks (Lair:3)
  2 vampire mosquitoes (D:11)
  3 steam dragons
  2 wargs (Orc:1)
  Edmund (D:5)
  2 acid dragons (D:12)
  8 water moccasins
  A black bear (D:5)
  9 orc warriors
  An ice beast (D:8)
  A sky beast (D:8)
  3 ogres
  5 centaurs
  5 wolves (D:8)
  3 lemures (D:6)
  4 kobold brigands
  A gnoll sergeant (D:10)
  5 bullfrogs
  3 necrophages
  8 scorpions
  4 wights (D:6)
  5 killer bees (D:10)
  2 vampire bats (D:12)
  5 hounds
  4 jellies
  A gnoll bouda (D:6)
  10 orc priests
  2 iguanas (D:5)
  15 orc wizards
  2 hell rats (D:12)
  11 adders
  6 gnolls
  4 river rats (D:12)
  2 shadow imps
  A white imp (D:7)
  3 ufetubi
  A worm (D:4)
  2 dart slugs
  37 orcs
  9 ball pythons
  7 endoplasms
  12 giant cockroaches
  4 goblins
  8 hobgoblins
  13 jackals
  6 quokkas
  11 bats
  5 frilled lizards
  17 kobolds
  10 rats
  A spectral orc (D:4)
  A bush (Lair:3)
377 creatures vanquished.

Vanquished Creatures (others)
  14 fungi
  13 plants
27 creatures vanquished.

Grand Total: 404 creatures vanquished

Notes
Turn   | Place    | Note
-------+----------+-------------------------------------------
     0 | D:1      | Peloso the Minotaur Fighter began the quest for the Orb.
     0 | D:1      | Reached XP level 1. HP: 19/19 MP: 0/0
    28 | D:1      | Found Haetros's Weapon Boutique.
   108 | D:1      | Reached XP level 2. HP: 27/27 MP: 1/1
   574 | D:1      | Reached XP level 3. HP: 33/33 MP: 2/2
   629 | D:1      | Found a faded altar of an unknown god.
   866 | D:2      | Reached skill level 3 in Long Blades
  1311 | D:2      | Reached XP level 4. HP: 41/41 MP: 3/3
  1623 | D:2      | Found a runed translucent door.
  1624 | D:2      | Noticed Crazy Yiuf
  2439 | D:4      | Noticed a necrophage
  2450 | D:4      | Killed a necrophage
  2451 | D:4      | Reached skill level 4 in Long Blades
  2451 | D:4      | Reached XP level 5. HP: 47/47 MP: 4/4
  2548 | D:4      | Found a basalt altar of Yredelemnul.
  2647 | D:4      | Reached skill level 1 in Dodging
  2879 | D:4      | Found an iron altar of Okawaru.
  2892 | D:4      | Became a worshipper of Warmaster Okawaru
  3074 | D:4      | Reached skill level 5 in Armour
  3098 | D:4      | Reached skill level 5 in Long Blades
  3098 | D:4      | Reached XP level 6. HP: 53/55 MP: 5/5
  3211 | D:4      | Reached skill level 5 in Fighting
  3219 | D:4      | Reached * piety under Okawaru
  3302 | D:5      | Entered Level 5 of the Dungeon
  3462 | D:5      | Noticed Edmund
  3482 | D:5      | Killed Edmund
  3483 | D:5      | Reached XP level 7. HP: 37/61 MP: 1/6
  3862 | D:5      | Reached skill level 6 in Long Blades
  4107 | D:5      | Reached skill level 5 in Shields
  4614 | D:5      | Reached skill level 7 in Long Blades
  5215 | D:6      | Noticed Eustachio
  5236 | D:5      | Reached XP level 8. HP: 67/70 MP: 7/7
  5260 | D:6      | Noticed Pikel
  5266 | D:6      | Killed Eustachio
  5410 | D:6      | Killed Pikel
  5410 | D:6      | Reached ** piety under Okawaru
  5411 | D:6      | Reached skill level 8 in Long Blades
  5638 | D:6      | Reached skill level 9 in Long Blades
  5836 | D:6      | Reached XP level 9. HP: 71/78 MP: 4/8
  6466 | D:6      | Reached skill level 1 in Invocations
  6683 | D:6      | Found an ornate altar of the Wu Jian Council.
  6919 | D:6      | Reached *** piety under Okawaru
  7248 | D:7      | Found a staircase to the Ecumenical Temple.
  7399 | D:7      | Found a bloodstained altar of Trog.
  7640 | D:7      | Reached skill level 10 in Long Blades
  8096 | D:8      | Found a hide-covered altar of Uskayaw.
  8282 | D:8      | Found a staircase to the Lair.
  9188 | D:8      | Found a broken altar of Ashenzari.
  9395 | D:9      | Noticed a troll
  9404 | D:9      | Reached XP level 10. HP: 64/77 MP: 8/10
  9446 | D:9      | Reached **** piety under Okawaru
  9626 | D:9      | Found a glowing silver altar of Zin.
  9627 | D:9      | Found a hazy altar of Hepliaklqana.
  9688 | D:9      | Found a sacrificial altar of Ru.
  9693 | D:9      | Noticed Erolcha
  9706 | D:9      | Killed Erolcha
  9707 | D:9      | Reached skill level 11 in Long Blades
 10397 | D:9      | Reached skill level 10 in Armour
 10765 | D:10     | Entered Level 10 of the Dungeon
 11159 | D:10     | Found a glowing golden altar of the Shining One.
 11162 | D:10     | Found a stormy altar of Qazlal.
 11164 | D:10     | Found a shadowy altar of Dithmenos.
 11317 | D:10     | Noticed a two-headed ogre
 11317 | D:10     | Found a staircase to the Orcish Mines.
 11332 | D:10     | Killed a two-headed ogre
 11528 | D:10     | Reached skill level 12 in Long Blades
 11621 | D:10     | Noticed a cyclops
 11632 | D:10     | Killed a cyclops
 11633 | D:10     | Reached skill level 1 in Stealth
 11743 | D:10     | Reached ***** piety under Okawaru
 12051 | D:10     | Noticed Harold
 12079 | D:10     | Killed Harold
 12080 | D:10     | Reached XP level 11. HP: 86/97 MP: 9/11
 12368 | D:11     | Noticed a two-headed ogre
 12378 | D:11     | Killed a two-headed ogre
 12551 | D:11     | Reached skill level 13 in Long Blades
 12677 | D:11     | Noticed Snorg
 12681 | D:11     | Noticed a tengu warrior
 13507 | D:11     | Killed a tengu warrior
 13700 | D:11     | Found the +18 Lear's hauberk
 14028 | Lair:1   | Entered Level 1 of the Lair of Beasts
 14199 | Lair:1   | Noticed a six-headed hydra
 14293 | D:10     | Killed Snorg
 14294 | D:10     | Reached skill level 10 in Shields
 14617 | D:12     | Noticed a red ugly thing
 14618 | D:12     | Noticed a centaur warrior
 14646 | D:12     | Killed a red ugly thing
 14646 | D:12     | Received a gift from Okawaru
 14657 | D:12     | Killed a centaur warrior
 14860 | D:12     | Noticed a white ugly thing
 14877 | D:12     | Killed a white ugly thing
 14878 | D:12     | Reached skill level 10 in Fighting
 15085 | D:12     | Reached XP level 12. HP: 106/106 MP: 10/13
 15404 | D:12     | Received a gift from Okawaru
 15420 | D:12     | Noticed a two-headed ogre
 15436 | D:12     | Killed a two-headed ogre
 15546 | D:12     | Reached skill level 14 in Long Blades
 16189 | Lair:1   | Killed a four-headed hydra
 16407 | Lair:1   | Identified the +7 falchion of Resourcefulness {pain, rF+
                  | Str+7 Dex-2} (Okawaru gifted it to you on level 1 of the
                  | Lair of Beasts)
 16407 | Lair:1   | Received a gift from Okawaru
 16476 | Lair:1   | Noticed a six-headed hydra
 16482 | Lair:1   | Killed a four-headed hydra
 16483 | Lair:1   | Reached skill level 15 in Long Blades
 16581 | Lair:1   | Noticed Amaemon
 16610 | Lair:1   | Killed Amaemon
 17131 | Lair:2   | Reached XP level 13. HP: 108/118 MP: 14/14
 17507 | Lair:2   | Reached skill level 16 in Long Blades
 18075 | Lair:3   | Found a staircase to the Shoals.
 18321 | Lair:3   | HP: 4/119 [culicivora (17)]
 18665 | Lair:3   | Found a hole to the Spider Nest.
 18669 | Lair:3   | Reached ****** piety under Okawaru
 19232 | Orc:1    | Entered Level 1 of the Orcish Mines
 19240 | Orc:1    | Identified the +13 crystal plate armour of Xiuteumm {Str+2}
                  | (Okawaru gifted it to you on level 1 of the Orcish Mines)
 19240 | Orc:1    | Received a gift from Okawaru
 19368 | Orc:1    | Noticed an orc warlord
 19380 | Orc:1    | Mangled by an orc warlord

Illustrated notes

Levels and vault maps discovered:
D:1:      mrwooster_arrival_statue_2, layout_basic,
          shapermc_ecumenical_altar_ellora, serial_shops,
          nicolae_shop_advertising_works [nicolae_subvault_shop_adworks],
          kennysheep_nondescript, hex_intersection
D:2:      layout_loops_cross, uniq_crazy_yiuf_cottage
D:3:      layout_loops_ring, minmay_misc_feat_tower, grunt_decor_one_mirror
D:4:      layout_rooms, yredelemnul_forgotten_temple_becter, okawaru_gym_becter,
          kennysheep_generic_room_16
D:5:      layout_basic, uniq_edmund
D:6:      layout_loops_corners, nicolae_wu_jian_immortal_techniques,
          nicolae_elevator_lobby_plus, uniq_eustachio, uniq_pikel
D:7:      layout_basic, lemuel_crystal_altar, minmay_temple_entry_arrows
D:8:      layout_loops_corners, mainiacjoe_overflow_paths,
          overflow_temple_1_default, dpeg_oklobed_lair, minmay_misc_feat_pillars
D:9:      layout_cave_pools, nicolae_ru_awakened_eye,
          chequers_temple_overflow_statue_of_worship, uniq_erolcha
D:10:     layout_loops_ring, nicolae_overflow_hidden_temple,
          minmay_orc_entry_temple_small, uniq_harold
D:11:     layout_cave_pools, hellmonk_guarded_unrand_lears, uniq_snorg
D:12:     layout_basic, dk_noncrumbling_4, hangedman_parallel_progression
Lair:1:   layout_cave_pods, grunt_megastairs_3, uniq_amaemon
Lair:2:   layout_regular_city
Lair:3:   layout_cave_pods, shoals_dummy_entry,
          nicolae_spider_entry_tight_spaces
Orc:1:    layout_diamond_mine

Skill      XL: |  1  2  3  4  5  6  7  8  9 10 11 12 13 |
---------------+----------------------------------------+-----
Fighting       | 4 5 6 7 9 10 12 | 12.7
Shields        | 4 5 6 7 8 11 12 | 12.1
Armour         | 4 5 6 7 9 10 12 | 12.9
Long Blades    | 3 4 5 7 9 10 12 13 15 16 | 16.6
Dodging        | 1 2 3 4 |  4.8
Invocations    | 2 3 |  3.5
Stealth        | 1 |  1.6
Throwing       | |  0.1

Action                   |  1- 3 |  4- 6 |  7- 9 | 10-12 | 13-15 || total
-------------------------+-------+-------+-------+-------+-------++-------
Melee: Long sword        |    88 |   143 |   472 |   522 |       ||  1225
       Headbutt          |    13 |    30 |   101 |   187 |    44 ||   375
       Scimitar          |       |       |       |   260 |       ||   260
       Great sword       |       |       |       |    79 |   140 ||   219
Throw: Throwing net      |       |       |       |     2 |       ||     2
Invok: Heroism           |       |       |     8 |    33 |     2 ||    43
  Use: Potion            |     3 |     2 |       |     5 |     4 ||    14
       Scroll            |       |    10 |     3 |    13 |     2 ||    28
Armor: Scale mail        |    47 |    55 |       |       |       ||   102
       Chain mail        |       |       |   113 |   425 |   113 ||   651
       Plate armour      |       |       |   216 |   240 |       ||   456
Dodge: Dodged            |    53 |    50 |   163 |   368 |    91 ||   725
Block: Buckler           |    14 |    42 |   143 |    91 |       ||   290
       Kite shield       |       |       |       |   437 |       ||   437
